 Dungeon Crawl Stone Soup version 0.30.1-3-gfc49f6343a (webtiles) character file.

Game seed: 5084769523759413040

112 Zeor the Shooter (level 4, -3/38 HPs)
             Began as a Naga Hexslinger on Aug 1, 2023.
             Slain by a phantom (5 damage)
             ... on level 3 of the Dungeon.
             The game lasted 00:08:56 (2793 turns).

Zeor the Shooter (Naga Hexslinger)                  Turns: 2793, Time: 00:08:58

Health: -3/38      AC:  3    Str: 13    XL:     4   Next: 93%
Magic:  7/7        EV:  9    Int: 15    God:
Gold:   242        SH:  0    Dex: 11    Spells: 0/7 levels left

rFire   . . .        a - +2 sling
rCold   . . .        (no shield)
rNeg    + . .        c - +0 robe
rPois   +            o - +1 hat
rElec   .            (no cloak)
rCorr   .            (no gloves)
SInv    +            (no barding)
Will    .....        (no amulet)
Stlth   +            j - ring of positive energy
HPRegen 0.26/turn    (no ring)
MPRegen 0.10/turn

%: no passive effects
@: hasted, quick
A: AC +1, large, see invisible, deformed body, poison resistance, slowness 2,
spit poison 1, naga tail 1
a: Spit Poison


You were on level 3 of the Dungeon.
You visited 1 branch of the dungeon, and saw 3 of its levels.

You collected 242 gold pieces.

Inventory:

Hand Weapons
 a - a +2 sling (weapon)
 i - a +3 whip
 k - a +0 quarterstaff
Missiles
 d - 2 javelins
Armour
 c - a +0 robe (worn)
 o - a +1 hat (worn)
Jewellery
 j - a ring of positive energy (left hand)
 n - a ring of fire
Scrolls
 b - a scroll of poison
 l - 2 scrolls of immolation
 m - 2 scrolls of enchant armour
Potions
 f - 2 potions of heal wounds


   Skills:
 + Level 1.4 Fighting
 + Level 3.3 Ranged Weapons
 + Level 1.6 Dodging
 * Level 2.3 Spellcasting
 + Level 3.2 Hexes


You couldn't memorise any spells.
You knew the following spells:

 Your Spells              Type           Power      Damage    Failure   Level
a - Slow                  Hex            44%        N/A       5%          1
b - Inner Flame           Hex/Fire       6%         N/A       32%         3
c - Portal Projectile     Hex/Tloc       12%        N/A       32%         3

Your spell library contained the following spells:

 Spells                   Type           Power      Damage    Failure   Level
 Cause Fear               Hex            5%         N/A       50%         4
 Gell's Gravitas          Tloc           1%         N/A       54%         3
 Teleport Other           Tloc           1%         N/A       54%         3
 Dispersal                Tloc           0%         N/A       100%        6


Dungeon Overview and Level Annotations

Branches:
Dungeon (3/15)

Altars:
Gozag

Annotations:
D:3 2 runed translucent doors


Innate Abilities, Weirdness & Mutations

Your serpentine skin is tough. (AC +1)
You have supernaturally acute eyesight. (SInv)
Armour fits poorly on your strangely shaped body.
Your system is resistant to poisons. (rPois)
You cover ground very slowly.
You can spit poison.
You have a snake-like lower body.


Message History

You are too injured to fight recklessly!
Fire: a) +2 sling
Press: ? - help, Q - select action, (/) - cycle Shift-Dir - straight line, f/p - phantom
Aim: a phantom (moderately damaged, 43% to hit)
You shoot a sling bullet.
The sling bullet closely misses the phantom.
The phantom hits you.
The phantom blinks!
You blink.
Fire: a) +2 sling
Press: ? - help, Q - select action, (/) - cycle Shift-Dir - straight line, f/p - phantom
Aim: a phantom (moderately damaged, 43% to hit)
You shoot a sling bullet.
The sling bullet hits the phantom but does no damage.
The phantom is moderately damaged.
The phantom hits you.
Fire: a) +2 sling
Press: ? - help, Q - select action, (/) - cycle Shift-Dir - straight line, f/p - phantom
Aim: a phantom (moderately damaged, 43% to hit)
You shoot a sling bullet. The sling bullet hits the phantom.
The phantom is heavily damaged.
The phantom hits you.
* * * LOW HITPOINT WARNING * * *
Fire: a) +2 sling
Press: ? - help, Q - select action, (/) - cycle Shift-Dir - straight line, f/p - phantom
Aim: a phantom (heavily damaged, 43% to hit)
You shoot a sling bullet. The sling bullet misses the phantom.
Fire: a) +2 sling
Press: ? - help, Q - select action, (/) - cycle Shift-Dir - straight line, f/p - phantom
Aim: a phantom (heavily damaged, 43% to hit)
You shoot a sling bullet.
The sling bullet closely misses the phantom.
The phantom hits you.
* * * LOW HITPOINT WARNING * * *
The phantom blinks!
You blink.
Fire: a) +2 sling
Press: ? - help, Q - select action, (/) - cycle Shift-Dir - straight line, f/p - phantom
Aim: a phantom (heavily damaged, 43% to hit)
You shoot a sling bullet.
The sling bullet completely misses the phantom.
The phantom hits you.
You die...

▒▒▒▒▒▒▒▒▒▒▒▒▒▒▒
▒▒▒▒∙∙#∙∙∙∙∙∙∙∙∙∙▒
▒∙∙∙∙∙∙#∙∙∙∙▒▒▒▒∙▒▒▒▒
▒∙∙∙NW∙∙∙∙∙∙'∙∙∙∙[∙∙∙
▒∙∙∙∙∙(∙[∙∙∙▒▒▒▒∙▒▒▒▒
▒▒▒▒∙∙†∙∙∙∙∙∙∙∙▒ ▒∙▒
∙∙∙∙∙∙∙∙∙∙∙∙∙∙∙▒
▒∙▒▒▒▒
∙∙∙∙∙▒▒∙▒▒▒▒▒▒▒▒
▒∙∙∙∙∙ ∙∙∙∙▒
▒∙∙∙∙∙∙∙∙ ▒▒▒▒▒▒ ▒▒▒∙
▒∙∙∙∙∙∙∙∙ ▒ ▒∙∙∙∙∙∙∙∙


∙∙∙∙∙∙∙∙∙ ∙∙ You could see a phantom.

Vanquished Creatures
  5 adders
  2 worms (D:2)
  3 dart slugs
  8 ball pythons
  6 endoplasms
  A giant cockroach (D:2)
  5 goblins
  4 hobgoblins
  4 jackals
  2 kobolds
  A quokka (D:2)
  8 bats
  5 frilled lizards
  3 rats
57 creatures vanquished.

Notes
Turn   | Place    | Note
-------+----------+-------------------------------------------
     0 | D:1      | Zeor the Naga Hexslinger began the quest for the Orb.
     0 | D:1      | Reached XP level 1. HP: 18/18 MP: 2/2
   311 | D:1      | Reached XP level 2. HP: 25/25 MP: 4/4
  1212 | D:2      | Reached XP level 3. HP: 17/31 MP: 3/5
  1309 | D:2      | Learned a level 3 spell: Inner Flame
  1617 | D:2      | Found an opulent altar of Gozag.
  1648 | D:2      | Reached XP level 4. HP: 27/38 MP: 4/6
  2420 | D:3      | Learned a level 3 spell: Portal Projectile
  2534 | D:3      | Found a large runed translucent door.
  2535 | D:3      | Found a large runed translucent door.
  2775 | D:3      | Noticed a phantom
  2793 | D:3      | Slain by a phantom

Illustrated notes

Levels and vault maps discovered:
D:1:      eino_arrival_water_star, layout_loops_corners, columned_hall_lemuel,
          chequers_serial_rivers_marsh, minmay_tetromino_o2
D:2:      layout_basic, basic_altar, dk_noncrumbling_3,
          kennysheep_generic_room_11
D:3:      minmay_roachtagon, layout_basic, jmf_multi_god_temple2

Skill      XL: |  1  2  3  4 |
---------------+-------------+-----
Ranged Weapons | 2 3 |  3.3
Spellcasting   | 2 |  2.3
Fighting       | |  1.4
Dodging        | |  1.6
Hexes          | |  3.2

Action                     |  1- 3 |  4- 6 || total
---------------------------+-------+-------++-------
  Melee: Whip              |     7 |       ||     7
   Fire: Sling             |   122 |    88 ||   210
   Cast: Slow              |    32 |    22 ||    54
Ability: Spit Poison       |     4 |     3 ||     7
    Use: Potion            |     3 |     2 ||     5
         Scroll            |     1 |     4 ||     5
 Armour: Robe              |    12 |    10 ||    22
  Dodge: Dodged            |    40 |    14 ||    54
